[Event "Early-Titled-Tuesday-Blitz-October-17-2023"]
[Site "Chess.com"]
[Date "2023.10.17"]
[Round "9"]
[White "Arash_Tahbaz"]
[Black "stratacticos"]
[Result "1-0"]
[WhiteElo "2906"]
[BlackElo "1716"]
[TimeControl "180+1"]
[EndTime "9:47:40 PDT"]
[Termination "Arash_Tahbaz won by checkmate"]

1. Nf3 c5 2. c4 Nc6 3. Nc3 g6 4. h4 h5 5. g3 Bg7 6. Bg2 d6 7. d3 Nf6 8. Bd2 Bg4 9. a3 Qd7 10. Rb1 a5 11. Na4 Ra6 12. O-O O-O 13. b4 axb4 14. axb4 Nxb4 15. Nc3 Nc6 16. Rb2 Nb4 17. Qb1 Ra7 18. Nh2 Bh3 19. Nb5 Bxg2 20. Kxg2 Qc6+ 21. Nf3 Ra4 22. Bxb4 Rxb4 23. Rxb4 cxb4 24. Qxb4 Ra8 25.
Rb1 Ng4 26. e4 f5 27. Nbd4 Qc5 28. Qxc5 dxc5 29. Ne2 Ra2 30. Kf1 fxe4 31. dxe4 Rb2 32. Rd1 b5 33. Rd8+ Kf7 34. Ng5+ Kf6 35. cxb5 Rxb5 36. Nc3 e5 37. Nd5# 1-0

[Event "Early-Titled-Tuesday-Blitz-October-17-2023"]
[Site "Chess.com"]
[Date "2023.10.17"]
[Round "9"]
[White "scarabee43"]
[Black "YouJustFoundYourGodfather"]
[Result "1-0"]
[WhiteElo "2802"]
[BlackElo "2634"]
[TimeControl "180+1"]
[EndTime "9:47:42 PDT"]
[Termination "scarabee43 won by resignation"]

1. Nf3 g6 2. d4 Bg7 3. c4 d6 4.
Nc3 Nc6 5. d5 Ne5 6. Nxe5 Bxe5 7. Qd3 c5 8. f4 Bg7 9. e4 Nf6 10. Be2 a6 11. a4 O-O 12. O-O e6 13. h3 exd5 14. cxd5 Re8 15. Bf3 Rb8 16. a5 b6 17.
axb6 Qxb6 18. Kh2 a5 19. Re1 Ba6 20. Qc2 Nd7 21. Na4 Qb3 22. Qxb3 Rxb3 23. Bd2 Bb5 24.
Bxa5 Bxa4 25. Rxa4 Ra8 26. Bd1 Rxb2 27. Bc7 Rxa4 28.
Bxa4 Nb6 29. Bc6 Bf8 30. e5 Nc4 31. Rc1 Rb4 32. Rxc4 Rxc4 33. exd6 Rd4 34. d7 Be7 35. d8=Q+ Bxd8 36. Bxd8 c4 37. Bf6 Rxf4 38. Be5 Rf2 39. d6 Rd2 40. d7 Kf8 41. Bf6 c3 42. d8=Q+ Rxd8 43. Bxd8 c2 44. Bg5 f6 45. Bd2 Ke7 46.
Be4 Kd6 47. Bxc2 Ke5 48. Kg3 Kd4 49. Kf3 f5 50. Kf4 Kd5 51. Kg5 1-0

[Event "Early-Titled-Tuesday-Blitz-October-17-2023"]
[Site "Chess.com"]
[Date "2023.10.17"]
[Round "9"]
[White "JoliyRoger"]
[Black "mfwagnerpeixoto"]
[Result "1-0"]
[WhiteElo "2450"]
[BlackElo "2317"]
[TimeControl "180+1"]
[EndTime "9:47:43 PDT"]
[Termination "JoliyRoger won by resignation"]

1. d4 Nf6 2. c4 g6 3. Nc3 Bg7 4.
e4 d6 5. Nf3 O-O 6. h3 c5 7. d5 e6 8. Bd3 exd5 9. cxd5 a6 10.
a4 Re8 11. O-O Nbd7 12. Bf4 Qc7 13. Re1 Ne5 14. Nxe5 dxe5 15. Be3 Nh5 16. Rc1 Qd6 17. a5 Nf4 18. Na4 Nxd3 19. Qxd3 c4 20. Qxc4 Bd7 21. Nb6 Bb5 22. Qc7 Qxc7 23. Rxc7 Rab8 24. Rec1 Bf8 25. Bc5 Bh6 26. Rd1 Be2 27. Re1 Bb5 28. b4 Red8 29.
f3 Bf4 30. Kf2 h5 31. h4 Bh6 32. Be7 Re8 33. Rd1 1-0

[Event "Early-Titled-Tuesday-Blitz-October-17-2023"]
[Site "Chess.com"]
[Date "2023.10.17"]
[Round "9"]
[White "N4700000"]
[Black "K_A_S_T_O_R"]
[Result "0-1"]
[WhiteElo "2543"]
[BlackElo "2875"]
[TimeControl "180+1"]
[EndTime "9:47:44 PDT"]
[Termination "K_A_S_T_O_R won by resignation"]

1. f4 d5 2. g3 Nh6 3. Nf3 g6 4.
Bg2 Bg7 5. O-O c6 6. d3 Nf5 7. c3 Qb6+ 8. d4 h5 9. Qe1 Nd7 10. e4 dxe4 11. Qxe4 Nf6 12. Qe2 h4 13. Qe1 hxg3 14. hxg3 Be6 15. Nbd2 Bd5 16. Ng5 Ng4 17. Bxd5 cxd5 18. Ndf3 f6 19. Ne6 Kf7 20. Nc5 Rh3 21. Kg2 Rxg3+ 22. Qxg3 Nxg3 23. Kxg3 Nh6 24. a4 Qc6 25. Bd2 b6 26. Nd3 Qc4 27. Nb4 a5 28.
Nc2 Nf5+ 29. Kf2 Rh8 30. Rh1 Rxh1 31. Rxh1 Qxa4 32. Ne3 Nd6 33. Ng4 Qb5 34. Bc1 Qd3 35. Re1 Ne4+ 36. Kg2 Qc2+ 37. Kg1 f5 38. Nge5+ Bxe5 39. Nxe5+ Kg7 40. Be3 Qxb2 0-1

[Event "Early-Titled-Tuesday-Blitz-October-17-2023"]
[Site "Chess.com"]
[Date "2023.10.17"]
[Round "9"]
[White "kingapolak"]
[Black "rachidhuilda"]
[Result "0-1"]
[WhiteElo "2141"]
[BlackElo "2320"]
[TimeControl "180+1"]
[EndTime "9:47:45 PDT"]
[Termination "rachidhuilda won on time"]

1. e4 c5 2. Nf3 e6 3. d3 d5 4. Nbd2 Nf6 5. g3 Be7 6. Bg2 O-O 7. O-O b6 8. c3 Bb7 9. Re1 Nc6 10. e5 Nd7 11. d4 cxd4 12. cxd4 Rc8 13. a3 Na5 14. b3 Ba6 15. Nf1 Qc7 16. Bd2 Qc2 17.
Rb1 Qxd1 18. Rexd1 Bxa3 19. b4 Nc4 20. Ra1 Bb5 21. Be1 a5 22. bxa5 bxa5 23. Ne3 Bb4 24. Nxc4 Bxc4 25. Nd2 Bc3 26. Ra3 Bxd4 27. Rxa5 Bxe5 28.
Nf3 Bf6 29. Bb4 Rfe8 30. Ra7 Ne5 31. Nd4 Nd3 32. Ba5 Bxd4 0-1

[Event "Early-Titled-Tuesday-Blitz-October-17-2023"]
[Site "Chess.com"]
[Date "2023.10.17"]
[Round "9"]
[White "viktorgen2021"]
[Black "whiteglovethief"]
[Result "1-0"]
[WhiteElo "2426"]
[BlackElo "2634"]
[TimeControl "180+1"]
[EndTime "9:47:46 PDT"]
[Termination "viktorgen2021 won on time"]

1. d4 Nf6 2. Nf3 e6 3. g3 d5 4. Bg2 c6 5. c4 Nbd7 6. Qc2 Be7 7. O-O dxc4 8. Qxc4 a6 9. Nc3 O-O 10. e4 c5 11.
dxc5 Nxc5 12. e5 Nd5 13. Rd1 b5 14. Qg4 Kh8 15. Ng5 h6 16. Nh3 Bb7 17. Qh5 Kh7 18. Ne4 Qb6 19. Nxc5 Qxc5 20. Be4+ Kg8 21. Bxh6 f5 22.
Qg6 Rf7 23. Rac1 Qb6 24. Bxd5 Bxd5 25. Rxd5 Raf8 26. Nf4 Kh8 27. Rd7 gxh6 28. Rcc7 1-0

[Event "Early-Titled-Tuesday-Blitz-October-17-2023"]
[Site "Chess.com"]
[Date "2023.10.17"]
[Round "9"]
[White "LUISMIGUELOV"]
[Black "Juicy_Fork"]
[Result "0-1"]
[WhiteElo "2174"]
[BlackElo "2420"]
[TimeControl "180+1"]
[EndTime "9:47:47 PDT"]
[Termination "Juicy_Fork won on time"]

1. d4 Nf6 2. c3 g6 3. Bg5 Bg7 4.
Nd2 d5 5. e3 O-O 6. Bd3 c5 7. f4 Nc6 8. Ngf3 c4 9. Bc2 a6 10.
b3 b5 11. a4 Bb7 12. b4 Qc7 13. a5 Ne4 14. Nxe4 dxe4 15. Bxe4 Nxb4 16. Bb1 Nd5 17. Qc1 b4 18. cxb4 Nxb4 19. O-O c3 20.
Bc2 Rab8 21. Rf2 Bxf3 22. gxf3 Rfc8 23. Rb1 Na2 24. Qa3 Qc4 25. Rxb8 Rxb8 26. Be4 Nb4 27. Bxe7 c2 28. Bxc2 Nxc2 29. Qd6 Rb1+ 30. Kg2 Nxe3+ 31. Kh3 h5 32. Qd8+ Kh7 33. Bf6 Qe6+ 34. f5 Qxf5+ 35. Kg3 Rg1+ 0-1

[Event "Early-Titled-Tuesday-Blitz-October-17-2023"]
[Site "Chess.com"]
[Date "2023.10.17"]
[Round "9"]
[White "falzehope0"]
[Black "ploxoi"]
[Result "0-1"]
[WhiteElo "2326"]
[BlackElo "2460"]
[TimeControl "180+1"]
[EndTime "9:47:48 PDT"]
[Termination "ploxoi won by checkmate"]

1. d4 d5 2. e3 e6 3. Bd3 Nf6 4. f4 c5 5. c3 b6 6. Nf3 Bd6 7. O-O O-O 8. Ne5 Ba6 9. Bxa6 Nxa6 10. Nd2 Nb8 11. b3 Qc7 12. Bb2 Nc6 13. g4 Ne7 14. g5 Ne4 15. Nxe4 dxe4 16. Nc4 Nf5 17. Qe2 Rfd8 18.
a4 Rd7 19. Rfc1 Rad8 20. Ba3 Qc6 21. Rab1 a6 22. Nxd6 Rxd6 23. Rd1 R6d7 24. Kf2 Qc8 25. Qc4 cxd4 26. cxd4 Rc7 27. Rbc1 Rxc4 28. Rxc4 Qa8 29. Rdc1 b5 30. Rc7 bxa4 31. bxa4 h5 32. Rb1 Rxd4 33.
Rbb7 Rd2+ 34. Ke1 Qd8 35. Rc1 Nxe3 36. Rbc7 Rd1+ 37. Ke2 Qd2# 0-1

[Event "Early-Titled-Tuesday-Blitz-October-17-2023"]
[Site "Chess.com"]
[Date "2023.10.17"]
[Round "9"]
[White "Payyappat"]
[Black "nelsi"]
[Result "0-1"]
[WhiteElo "2457"]
[BlackElo "2315"]
[TimeControl "180+1"]
[EndTime "9:47:49 PDT"]
[Termination "nelsi won on time"]

1. e4 e5 2. Nf3 Nc6 3. Bc4 Nf6 4. d4 exd4 5. e5 d5 6. Bb5 Ne4 7. Nxd4 Bd7 8. Bxc6 bxc6 9. O-O Be7 10. c3 O-O 11. f3 Ng5 12. f4 Ne4 13. Nd2 Nxd2 14. Bxd2 c5 15. Nc2 Bf5 16. Ne3 Be4 17. f5 Bg5 18. Qg4 Re8 19. Qg3 Bh4 20. Qf4 Bg5 21. Qg3 Bh4 22. Qh3 Rxe5 23. Ng4 Rxf5 24. Rxf5 Bxf5 25. Nh6+ gxh6 26. Qxf5 Bg5 27. Rd1 c6 28. Be1 Qf6 29. Qg4 Qf4 30. Qe2 Qe3+ 31. Qxe3 Bxe3+ 32.
Bf2 Re8 33. c4 d4 0-1

[Event "Early-Titled-Tuesday-Blitz-October-17-2023"]
[Site "Chess.com"]
[Date "2023.10.17"]
[Round "9"]
[White "sterpfi"]
[Black "LuisFSiles"]
[Result "1-0"]
[WhiteElo "2172"]
[BlackElo "2297"]
[TimeControl "180+1"]
[EndTime "9:47:49 PDT"]
[Termination "sterpfi won by resignation"]

1. e4 c5 2. Nf3 Nc6 3. Bb5 g6 4. O-O Bg7 5. Re1 Nf6 6. e5 Nd5 7. Nc3 Nc7 8. Bxc6 dxc6 9. Ne4 b6 10. d3 O-O 11. Bf4 Bg4 12. h3 Bxf3 13. Qxf3 Ne6 14.
Bh2 Qd5 15. Qg3 Nd4 16. Nc3 Qd7 17. Rac1 a5 18. a4 Nf5 19. Qf3 Nd4 20. Qd1 f5 21. exf6 exf6 22. Ne4 f5 23. Ng5 Rae8 24. c3 Ne6 25.
Qb3 Rf6 26. Rxe6 Rexe6 27. Re1 c4 28. Qxc4 b5 29. axb5 cxb5 30. Qa2 Qf7 31. Rxe6 Rxe6 32. Qxe6 Qxe6 33. Nxe6 a4 34. Nxg7 Kxg7 35. Kf1 b4 36. cxb4 1-0

[Event "Early-Titled-Tuesday-Blitz-October-17-2023"]
[Site "Chess.com"]
[Date "2023.10.17"]
[Round "9"]
[White "verrbaa"]
[Black "DKmirl"]
[Result "1-0"]
[WhiteElo "2447"]
[BlackElo "2285"]
[TimeControl "180+1"]
[EndTime "9:47:50 PDT"]
[Termination "verrbaa won by checkmate"]

1. e4 c5 2. Nf3 Nc6 3. Nc3 g6 4. d4 cxd4 5. Nxd4 Bg7 6. Nb3 Nf6 7. Be2 O-O 8. Bg5 d6 9. Qd2 a6 10. a4 Be6 11. O-O Bxb3 12. cxb3 Qb6 13. Bxf6 Bxf6 14.
Nd5 Qxb3 15. Nxf6+ exf6 16. Ra3 Qb4 17. Qh6 g5 18. Rh3 Rfe8 19. Qxf6 Re6 20. Qxg5+ Rg6 21. Qh5 h6 22. Rg3 Kg7 23. Bg4 Rg5 24. Bf5 Rxg3 25. hxg3 Ne5 26. Rc1 Qxb2 27. Rc7 Qb1+ 28. Kh2 Rf8 29.
f4 Nd3 30. Be6 Qb2 31. Rxf7+ Rxf7 32. Qxf7+ Kh8 33. Qg8# 1-0

[Event "Early-Titled-Tuesday-Blitz-October-17-2023"]
[Site "Chess.com"]
[Date "2023.10.17"]
[Round "9"]
[White "Alexander_Donchenko"]
[Black "Arystanner"]
[Result "0-1"]
[WhiteElo "2874"]
[BlackElo "2826"]
[TimeControl "180+1"]
[EndTime "9:47:54 PDT"]
[Termination "Arystanner won by checkmate"]

1. Nf3 d5 2. g3 b6 3. Bg2 Bb7 4. O-O Nd7 5. d4 e6 6. b3 Ngf6 7. c4 dxc4 8. bxc4 Be7 9. Nc3 c5 10. d5 exd5 11. cxd5 Bd6 12. Nb5 Bb8 13. e4 O-O 14.
Re1 a6 15. Nc3 Re8 16. Bb2 b5 17. Qc2 Ne5 18. Rad1 c4 19. Nxe5 Bxe5 20. f4 Qb6+ 21. Qf2 Bc7 22. h3 b4 23. Na4 Qb5 24. Nc5 c3 25. Bc1 Bb6 26. Be3 Bxd5 27. a4 Qa5 28.
Kh2 Bxc5 29. Bxc5 Bxe4 30. Bd4 Bxg2 31. Qxg2 h6 32. Re5 Qxa4 33. Rde1 c2 34. Bb2 b3 35. Qf3 Rac8 36. g4 Qa2 37. Rxe8+ Rxe8 38. Rxe8+ Nxe8 39. Qc3 Qb1 40. Qe5 Nf6 41. g5 hxg5 42. fxg5 c1=Q 43. Bxc1 Qc2+ 44. Kg3 Nh5+ 45. Kh4 Qc4+ 46. Kxh5 g6+ 47. Kh6 Qh4# 0-1

[Event "Early-Titled-Tuesday-Blitz-October-17-2023"]
[Site "Chess.com"]
[Date "2023.10.17"]
[Round "9"]
[White "ckgchess"]
[Black "DTChess"]
[Result "1-0"]
[WhiteElo "2875"]
[BlackElo "2589"]
[TimeControl "180+1"]
[EndTime "9:47:55 PDT"]
[Termination "ckgchess won on time"]

1. e4 c6 2. Nc3 d5 3. Nf3 Bg4 4. h3 Bxf3 5. Qxf3 e6 6. d4 Nf6 7. e5 Ng8 8. Be3 Nd7 9. O-O-O Ne7 10. g4 Qa5 11. Kb1 b5 12. Ne2 Nb6 13. Nc1 Nc4 14. Qe2 Nc8 15. f4 N8b6 16. f5 Na4 17. Nb3 Qa6 18.
Bc1 Ba3 19. Qf3 Ncxb2 20. Re1 O-O-O 21. fxe6 fxe6 22. Qf7 Rhe8 23. Re3 Re7 24. Qf3 Nc4 25. Bxc4 Bxc1 26. Bxb5 Qxb5 27. Rxc1 Rb7 28. Qf1 Qb4 29. c4 Qa3 30. Qe2 Kb8 31. Qd2 Ka8 32. Ka1 Rdb8 33. Nc5 Qb4 34. Qxb4 Rxb4 35. Na6 1-0

[Event "Early-Titled-Tuesday-Blitz-October-17-2023"]
[Site "Chess.com"]
[Date "2023.10.17"]
[Round "9"]
[White "Ariadna_Atreides"]
[Black "Chessbard1972"]
[Result "1-0"]
[WhiteElo "2212"]
[BlackElo "2345"]
[TimeControl "180+1"]
[EndTime "9:47:59 PDT"]
[Termination "Ariadna_Atreides won by checkmate"]

1. d4 d5 2. Nf3 c5 3. dxc5 Nc6 4.
a3 a5 5. e3 e5 6. c4 Nf6 7.
Nc3 d4 8. Na4 Bg4 9. Be2 Be7 10.
O-O Bxf3 11. Bxf3 e4 12. Bg4 d3 13. Rb1 Ne5 14. Bh3 Nxc4 15. b3 Ne5 16. Bb2 Nc6 17.
Bf5 Qd5 18. g4 O-O 19. Nb6 Qxc5 20. Nxa8 Rxa8 21. Bxf6 Bxf6 22. Bxe4 Rd8 23. Qf3 Ne5 24. Qf5 Qd6 25. g5 Bxg5 26. Qxg5 f5 27. Qxf5 g6 28.
Qh3 d2 29. Rfd1 Qf6 30. f4 Nd7 31. Rxd2 Qe7 32. Rbd1 Qxe4 33. Rxd7 Rxd7 34. Rxd7 Qb1+ 35. Kf2 Qc2+ 36. Kg3 h5 37. Qe6+ Kh8 38. Qe8# 1-0

[Event "Early-Titled-Tuesday-Blitz-October-17-2023"]
[Site "Chess.com"]
[Date "2023.10.17"]
[Round "9"]
[White "profedechess93"]
[Black "salomez"]
[Result "1-0"]
[WhiteElo "2608"]
[BlackElo "2357"]
[TimeControl "180+1"]
[EndTime "9:48:00 PDT"]
[Termination "profedechess93 won on time"]

1. e4 c5 2. Nf3 Nc6 3. Bb5 e6 4. c3 Nf6 5. e5 Nd5 6. d4 cxd4 7. Bxc6 dxc6 8. Qxd4 Be7 9. Qg4 Kf8 10. O-O h5 11.
Qe4 h4 12. h3 Rh5 13. Rd1 Qc7 14. c4 Nb6 15. Nc3 Bd7 16. Bf4 Rd8 17. Rd3 c5 18. Qe2 Rf5 19. Bh2 Bc6 20. Ne4 Rxd3 21. Qxd3 Qd7 22.
Qc2 Qc7 23. Rd1 Nd7 24. Rd2 b6 25. Nd6 Rh5 26. Qd1 Bxd6 27. Rxd6 Bxf3 28. Qxf3 Nxe5 29. Qa8+ Ke7 30. Rd1 Rg5 31. Kh1 f6 32. f4 1-0

[Event "Early-Titled-Tuesday-Blitz-October-17-2023"]
[Site "Chess.com"]
[Date "2023.10.17"]
[Round "9"]
[White "RETURNOFTHELAGGER"]
[Black "masterofpuppets2"]
[Result "1-0"]
[WhiteElo "2672"]
[BlackElo "2514"]
[TimeControl "180+1"]
[EndTime "9:48:01 PDT"]
[Termination "RETURNOFTHELAGGER won by resignation"]

1. e4 c5 2. Nf3 Nc6 3. b3 d6 4. Bb2 Nf6 5. Nc3 Bg4 6. h3 Bxf3 7. Qxf3 Nd4 8. Qd3 Nd7 9. f4 g6 10. O-O-O a6 11. Kb1 Bg7 12. g4 b5 13. h4 h5 14. g5 e6 15. Bh3 Qb6 16. f5 Be5 17.
Rhf1 O-O-O 18. fxg6 fxg6 19. Ne2 Rde8 20. Nxd4 Bxd4 21.
Rf7 Ne5 22. Qf1 Nxf7 23. Qxf7 Bxb2 24. Kxb2 Kb8 25. Bxe6 c4 26. Qxg6 Qd4+ 27. c3 Qe5 28. bxc4 Qxe6 29. Qg7 bxc4 30. Rb1 Qe7 31. Ka3+ Kc7 32.
Qd4 Rb8 33. Qa7+ Kc6 34. Qxe7 Rxb1 35. e5 dxe5 36. Qxe5 Rhb8 37. Qe6+ Kc5 38. Qxa6 R8b6 39. Qc8+ Kd5 40. Qf5+ Kc6 41. Qe4+ Kc5 42. Qd4+ Kb5 43. Qd5+ Ka6 44. Qxc4+ R1b5 45. Ka4 Rb7 46. d4 1-0

[Event "Early-Titled-Tuesday-Blitz-October-17-2023"]
[Site "Chess.com"]
[Date "2023.10.17"]
[Round "9"]
[White "Josgar05"]
[Black "DanyKopy"]
[Result "0-1"]
[WhiteElo "2367"]
[BlackElo "2535"]
[TimeControl "180+1"]
[EndTime "9:48:01 PDT"]
[Termination "DanyKopy won by checkmate"]

1. Nf3 d5 2. b3 c5 3. Bb2 Nf6 4. g3 Bf5 5. Bg2 Nc6 6. O-O h6 7. Re1 e6 8. d3 Be7 9. Nbd2 O-O 10. Ne5 Rc8 11. e4 Bh7 12. Nxc6 Rxc6 13. e5 Nd7 14. Qe2 b5 15. a4 a6 16. axb5 axb5 17. c4 bxc4 18. dxc4 Nb6 19. Red1 Rc8 20. Rac1 d4 21. Ne4 Nd7 22. f4 Rb8 23. Rd3 Ra8 24. b4 Ra2 25.
Rd2 cxb4 26. Bxd4 Rxd2 27. Qxd2 Nc5 28. Qe3 Bxe4 29. Bxe4 Qc7 30. Bb1 Rd8 31. Rd1 g6 32. h4 h5 33. Kh2 Na4 34. Qb3 Nc3 35. Bxc3 Rxd1 36. Qxd1 bxc3 37. Qe2 Qc5 38. Bc2 Qd4 39. Kg2 Bc5 40. Qe4 Qf2+ 41. Kh3 Qf1+ 42. Qg2 Qxc4 43.
Qe4 Qf1+ 44. Qg2 Qc1 45. Qa8+ Kg7 46. Qg2 Be3 47. Kh2 Bd2 48. Qe4 Qf1 49. Bd3 Qf2+ 50. Qg2 Qe3 51. Qe4 Qf2+ 52. Qg2 Qc5 53. Qe4 Be1 54. Qg2 Qe3 55. Qe4 Qxg3+ 56. Kh1 Qxh4+ 57. Kg2 Qg3+ 58. Kf1 Qf2# 0-1

[Event "Early-Titled-Tuesday-Blitz-October-17-2023"]
[Site "Chess.com"]
[Date "2023.10.17"]
[Round "9"]
[White "invisible_s0ul"]
[Black "McCarthyStone"]
[Result "0-1"]
[WhiteElo "2274"]
[BlackElo "2391"]
[TimeControl "180+1"]
[EndTime "9:48:01 PDT"]
[Termination "McCarthyStone won by resignation"]

1. e4 e5 2. Nf3 d6 3. d4 exd4 4.
Nxd4 Nf6 5. Nc3 g6 6. Bg5 Bg7 7. Nd5 c6 8. Nxf6+ Bxf6 9. Bxf6 Qxf6 10. Be2 O-O 11. O-O Re8 12. f3 Nd7 13. c3 Nb6 14. a4 a5 15. Qb3 Nd7 16. Rad1 Nc5 17.
Qc2 Qf4 18. Bc4 Kg7 19. Ne2 Qe3+ 20. Kh1 d5 21. exd5 cxd5 22. Rxd5 Be6 23. Nd4 Bxd5 24. Bxd5 Rad8 25. Bc4 Rc8 26. Bb5 Red8 27. h3 Ne6 28. Nxe6+ Qxe6 29. Qf2 Rd6 30. Re1 Qf6 31. Qa7 b6 32.
Qb7 Rcd8 33. Qc7 Rd1 34. Rxd1 Rxd1+ 35. Kh2 Qd6+ 36. Qxd6 Rxd6 37. b3 Rd2 38. Bc4 Rc2 39. Kg3 Kf6 40. h4 h6 41. Kh3 Rxc3 42. Kg4 Ke7 43.
g3 f5+ 44. Kf4 Kf6 45. g4 g5+ 46. hxg5+ hxg5+ 47. Kg3 f4+ 48. Kg2 Rc2+ 49. Kf1 Ke5 50. Ke1 Kd4 51. Kd1 Rb2 52. Kc1 Rf2 0-1

[Event "Early-Titled-Tuesday-Blitz-October-17-2023"]
[Site "Chess.com"]
[Date "2023.10.17"]
[Round "9"]
[White "MdSharifHossain"]
[Black "maracayo"]
[Result "0-1"]
[WhiteElo "2207"]
[BlackElo "2376"]
[TimeControl "180+1"]
[EndTime "9:48:01 PDT"]
[Termination "maracayo won by resignation"]

1. e4 d6 2. d4 Nf6 3. Nc3 c6 4.
Be3 Qa5 5. f3 e5 6. Ne2 Be7 7.
Qd2 O-O 8. O-O-O b5 9. a3 b4 10.
Na2 c5 11. d5 Nbd7 12. Kb1 Rb8 13. Nec1 Qa4 14. axb4 cxb4 15. Nb3 Rd8 16. g4 Nc5 17. Bc4 Ba6 18. Qe2 Bxc4 19. Qxc4 Nfd7 20. Bxc5 dxc5 21.
d6 Bf8 22. Rd5 Nb6 23. Nxc5 Qe8 24. d7 Qe7 25. Qd3 Nxd5 26. Qxd5 Qxc5 27. Rd1 Qxd5 28. Rxd5 Rb7 29. Rxe5 Rbxd7 30. b3 Rd1+ 31. Kb2 g6 32.
Ra5 Bg7+ 33. e5 R1d5 34. Rxd5 Rxd5 35. f4 a5 36. Nc1 g5 37. Nd3 gxf4 38. Nxf4 Bxe5+ 39. Kc1 Bxf4+ 0-1

[Event "Early-Titled-Tuesday-Blitz-October-17-2023"]
[Site "Chess.com"]
[Date "2023.10.17"]
[Round "9"]
[White "Sanyura"]
[Black "MdChess1734"]
[Result "1-0"]
[WhiteElo "2543"]
[BlackElo "2424"]
[TimeControl "180+1"]
[EndTime "9:48:03 PDT"]
[Termination "Sanyura won by checkmate"]

1. Nf3 Nf6 2. g3 b5 3. Bg2 Bb7 4. O-O e6 5. d4 Be7 6. a4 a6 7. Nbd2 O-O 8. Nb3 d6 9. Re1 Nbd7 10. Bf1 c5 11. Bd2 c4 12. Na5 Bd5 13. Ng5 h6 14. Nh3 Qb6 15. axb5 axb5 16. Nf4 Qxd4 17. Nxd5 Qxd5 18.
Bg2 Ne4 19. Bb4 Qf5 20. Nc6 Bf6 21. Rxa8 Rxa8 22. f3 Ng5 23. e4 Qg6 24. f4 Nh7 25.
Qxd6 Nhf8 26. e5 Bd8 27. Nd4 Bb6 28. Bxa8 Qxc2 29. Bc6 Qxb2 30. Bxd7 Bxd4+ 31. Kh1 Qf2 32. Qxf8+ Kh7 33. Bc6 c3 34. Be4+ f5 35. exf6+ g6 36. Qg7# 1-0

[Event "Early-Titled-Tuesday-Blitz-October-17-2023"]
[Site "Chess.com"]
[Date "2023.10.17"]
[Round "9"]
[White "zsoltkorpics"]
[Black "Langua_Chess"]
[Result "0-1"]
[WhiteElo "2342"]
[BlackElo "2498"]
[TimeControl "180+1"]
[EndTime "9:48:08 PDT"]
[Termination "Langua_Chess won on time"]

1. e4 e5 2. Nf3 Nc6 3. Bb5 a6 4. Ba4 Nf6 5. Nc3 b5 6. Bb3 d6 7. Ng5 d5 8. Nxd5 Be6 9. Nxf6+ Qxf6 10. Nxe6 fxe6 11. d3 Bc5 12. Be3 Bxe3 13. fxe3 Rf8 14. Qe2 Qh4+ 15. g3 Qh6 16. O-O-O Nd4 17. Qd2 Nf3 18. Qa5 Qxe3+ 19. Kb1 Kd7 20. d4 exd4 21.
c3 Nd2+ 22. Rxd2 Qxe4+ 23. Bc2 Qxh1+ 24. Rd1 Rf1 25. a4 Rxd1+ 26. Bxd1 Qxd1+ 27. Ka2 Qxa4+ 28. Qxa4 bxa4 0-1

[Event "Early-Titled-Tuesday-Blitz-October-17-2023"]
[Site "Chess.com"]
[Date "2023.10.17"]
[Round "9"]
[White "Felix-Rose"]
[Black "Treasurechess777"]
[Result "0-1"]
[WhiteElo "2306"]
[BlackElo "2447"]
[TimeControl "180+1"]
[EndTime "9:48:10 PDT"]
[Termination "Treasurechess777 won on time"]

1. e4 Nf6 2. e5 Nd5 3. d4 Nb6 4.
c4 d6 5. exd6 cxd6 6. Nc3 g6 7.
Be3 Bg7 8. Rc1 O-O 9. b3 Bf5 10. g4 Be6 11. h4 d5 12. c5 Nc8 13. h5 Nc6 14. Nh3 Qd7 15. f3 f5 16. g5 f4 17. Nxf4 Nxd4 18. Bxd4 Rxf4 19. Bxg7 Kxg7 20.
Ne2 Rf8 21. Qd4+ Kf7 22. hxg6+ hxg6 23. Nf4 Bf5 24. Rh7+ Ke8 25. a4 a6 26. Nxd5 Kd8 27. Rd1 Ke8 0-1

[Event "Early-Titled-Tuesday-Blitz-October-17-2023"]
[Site "Chess.com"]
[Date "2023.10.17"]
[Round "9"]
[White "Smiechu"]
[Black "Let_it_be_1"]
[Result "0-1"]
[WhiteElo "2504"]
[BlackElo "2644"]
[TimeControl "180+1"]
[EndTime "9:48:13 PDT"]
[Termination "Let_it_be_1 won by checkmate"]

1. e4 e6 2. d4 d5 3. Bd3 dxe4 4. Bxe4 Nf6 5. Bf3 c5 6. Ne2 Nc6 7. Be3 cxd4 8. Nxd4 Ne5 9. Be2 Nd5 10. O-O Nxe3 11.
fxe3 Bc5 12. Bb5+ Bd7 13. Nxe6 Bxe3+ 14. Kh1 fxe6 15. Qh5+ Ng6 16. Re1 Qg5 17. Bxd7+ Kxd7 18. Qf3 Rac8 19. Nc3 Bb6 20. Qxb7+ Rc7 21. Qe4 Rc6 22. Rad1+ Kc7 23. Nb5+ Qxb5 24. b3 Rd8 25. c4 Qf5 26.
Qe2 Rxd1 27. Rxd1 Rd6 28. Rc1 Qf4 29. Qe1 Rd2 30. Qf1 Qxf1+ 31. Rxf1 Rf2 32. Re1 Nf4 33. g3 Re2 34. Rd1 Nh3 35. Rf1 Bg1 36. Rf7+ Kd6 37.
Rxg7 Rxh2# 0-1

[Event "Early-Titled-Tuesday-Blitz-October-17-2023"]
[Site "Chess.com"]
[Date "2023.10.17"]
[Round "9"]
[White "szefru"]
[Black "Mourinho_Jose"]
[Result "0-1"]
[WhiteElo "2347"]
[BlackElo "2519"]
[TimeControl "180+1"]
[EndTime "9:48:13 PDT"]
[Termination "Mourinho_Jose won by checkmate"]

1. e4 c5 2. Nf3 e6 3. b3 d5 4.
exd5 Qxd5 5. Nc3 Qd8 6. Bb2 Nc6 7. Bb5 Nf6 8. Bxc6+ bxc6 9. d3 Be7 10. O-O O-O 11. Qe2 Nd5 12. Ne4 f6 13. Ned2 e5 14. Nc4 Qe8 15.
Nfd2 Be6 16. Ne4 Qg6 17. Ba3 Nf4 18. Qf3 Bh3 19. Rfe1 Nxg2 20. Qg3 Nxe1 21. Rxe1 Be6 22. Qxg6 hxg6 23. Bxc5 Bxc5 24. Nxc5 Bxc4 25. dxc4 Rfd8 26. Re2 Kf7 27. a4 g5 28. a5 Rd1+ 29. Kg2 Rad8 30.
Ne4 f5 31. Nxg5+ Kf6 32. Nf3 e4 33. Ng1 R8d2 34. Re3 Rxc2 35. Ne2 Rdd2 36. Kf1 Ke5 37. Ng3 Rxf2+ 38. Ke1 Rxh2 39. Nf1 Rc1# 0-1

[Event "Early-Titled-Tuesday-Blitz-October-17-2023"]
[Site "Chess.com"]
[Date "2023.10.17"]
[Round "9"]
[White "Deadmold"]
[Black "Shuvalov"]
[Result "0-1"]
[WhiteElo "2214"]
[BlackElo "2484"]
[TimeControl "180+1"]
[EndTime "9:48:14 PDT"]
[Termination "Shuvalov won by resignation"]

1. d4 Nf6 2. Nf3 c5 3. d5 b5 4. c4 b4 5. Bg5 g6 6. Nbd2 Bg7 7. e4 d6 8. Bd3 O-O 9. O-O a5 10. a3 e5 11. dxe6 Bxe6 12. Qe2 Nc6 13. h3 Qc7 14. a4 Nd7 15. Rab1 Rfe8 16. b3 Nde5 17. Nxe5 dxe5 18. Nf3 Nd4 19. Nxd4 exd4 20. f4 Bd7 21. Qd2 f6 22. Bh4 Bc6 23. Rbe1 Qb7 24. Qc2 Rf8 25.
Re2 Rae8 26. Rfe1 Bh6 27. Bg3 Re7 28. Kh1 Rfe8 29. Bh4 Re6 30. e5 fxe5 31. f5 gxf5 32. Bxf5 e4 33. Bxe6+ Rxe6 34. Qd1 e3 35. Rf1 Rg6 36.
Rg1 Bf4 37. Qf1 Qc7 38. Qe1 Qe5 39. Rf1 Qf5 40. Bg3 Qxh3+ 41. Kg1 Rxg3 0-1

[Event "Early-Titled-Tuesday-Blitz-October-17-2023"]
[Site "Chess.com"]
[Date "2023.10.17"]
[Round "9"]
[White "pinguino120"]
[Black "Iskusnyh"]
[Result "0-1"]
[WhiteElo "2209"]
[BlackElo "2572"]
[TimeControl "180+1"]
[EndTime "9:48:17 PDT"]
[Termination "Iskusnyh won on time"]

1. e4 e6 2. d4 d5 3. e5 c5 4. c3 Nc6 5. Nf3 Nge7 6. dxc5 Ng6 7. b4 Ngxe5 8. Nxe5 Nxe5 9. Be2 Be7 10. O-O O-O 11.
f4 Nc6 12. Be3 Bf6 13. b5 d4 14. cxd4 Nxd4 15. Bc4 Ne2+ 16. Qxe2 Bxa1 17. Nd2 Bd4 18. Nf3 Bxe3+ 19. Qxe3 Qe7 20. Bd3 Bd7 21. Ne5 Rfc8 22.
c6 bxc6 23. bxc6 Bxc6 24. Nxc6 Rxc6 25. Bxh7+ Kxh7 26. Qe4+ g6 27. Qxc6 Rd8 28. Qc3 Kg8 29. Rc1 Rd5 30. Qc8+ Kg7 31. Qc3+ Qf6 32. Qxf6+ Kxf6 33. Rc2 Ra5 34. Kf2 Ra3 35. g3 Kf5 36. Rb2 Kg4 37.
Rc2 Kh3 38. Kg1 a5 39. Kf1 a4 40. Ke1 f5 41. Kf1 Rd3 42. Ke2 Rd6 43. Kf3 Rd3+ 44. Ke2 Ra3 45. Kf1 Re3 0-1